 Dungeon Crawl Stone Soup version 0.27-a0-676-gc1da3516c2 (webtiles) character file.

Game seed: 14706478865762261916

750632 Johnny the Sorcerer (level 27, -30/188 HPs)
             Began as a Deep Elf Earth Elementalist on Mar 17, 2021.
             Was an Elder of Dithmenos.
             Killed from afar by Manloll's ghost (46 damage)
             ... with a blast of rock fragments
             ... on level 3 of the Realm of Zot on Mar 18, 2021.
             The game lasted 02:46:24 (82874 turns).

Johnny the Sorcerer (Deep Elf Earth Elementalist)  Turns: 82874, Time: 02:46:25

Health: -30/188    AC: 14    Str:  3    XL:     27
Magic:  6/54       EV: 28    Int: 43    God:    Dithmenos [****..]
Gold:   3746       SH: 18    Dex: 19    Spells: 35/77 levels left

rFire    + . .     SeeInvis +   J - +10 spear of Benevolence {flame, *Rage rPois Int+8}
rCold    + . .     Faith    .   R - +5 kite shield {AC+3}
rNeg     + . .     Spirit   .   K - +2 robe {Archmagi}
rPois    +         Reflect  .   D - +0 mask of the Dragon {Will+ Slay+3 SInv}
rElec    +         Harm     +   c - +2 cloak of Xarghu {Harm *Slow Int+3}
rCorr    .         Rampage  .   n - +0 pair of gloves "Uwkut" {rF+ rC+}
Will     +++++     Rnd*Rage +   M - +2 pair of boots {Stlth+} Stlth **++++++++
                                Q - amulet of magic regeneration
HPRegen  0.41/turn              L - ring of Wimaharu {rElec rN+ Will+++ Str-2 Dex+6}
MPRegen  0.59/turn              X - ring of Yckuemm {rElec EV+4}

@: about to teleport, wreathed by umbra, studying Bows
A: berserk 1, clumsy 1, dopey 1, wild magic 1
}: 5/15 runes: serpentine, barnacled, slimy, silver, abyssal
a: Renounce Religion, Shadow Step


You were on level 3 of the Realm of Zot.
You worshipped Dithmenos.
Dithmenos was greatly pleased with you.
You visited 11 branches of the dungeon, and saw 53 of its levels.
You visited the Abyss 1 time.
You visited 1 bazaar.
You also visited: Trove, Sewer, Ice Cave and Volcano.

You collected 10358 gold pieces.
You spent 6612 gold pieces at shops.

Inventory:

Hand Weapons
 J - the +10 spear of Benevolence (weapon) {flame, *Rage rPois Int+8}
   (You took it off a spriggan berserker on level 2 of the Depths)

   It has been specially enchanted to burn those struck by it, causing extra
   injury to most foes and up to half again as much damage against particularly
   susceptible opponents.
   It affects your intelligence (+8).
   It protects you from poison.
   It may make you go berserk in combat.
Missiles
 b - 1079 stones
Armour
 c - the +2 cloak of Xarghu (worn) {Harm *Slow Int+3}
   (You found it on level 4 of the Vaults)

   It affects your intelligence (+3).
   It may slow you when you take damage.
   It increases damage dealt and taken.
 n - the +0 pair of gloves "Uwkut" (worn) {rF+ rC+}
   (Okawaru gifted it to you on level 1 of the Elven Halls)

   It protects you from fire.
   It protects you from cold.
 t - a +4 troll leather armour {Snorg}
 D - the +0 mask of the Dragon (worn) {Will+ Slay+3 SInv}
   (You found it on level 6 of the Dungeon)

   It affects your accuracy and damage with ranged weapons and melee attacks
   (+3).
   It affects your willpower, your defense against some magical effects.
   It lets you see invisible.
 G - a +2 buckler of positive energy
 K - a +2 robe of the Archmagi (worn)
 M - a +2 pair of boots of stealth (worn)
 R - a +5 kite shield of protection (worn)
Magical Staves
 P - a staff of earth
Jewellery
 f - a ring of resist corrosion
 h - a +6 ring of intelligence
 y - a ring of poison resistance
 L - the ring of Wimaharu (right hand) {rElec rN+ Will+++ Str-2 Dex+6}
   (You took it off a yaktaur on level 4 of the Vaults)

   [ring of dexterity]

   It affects your strength (-2).
   It affects your dexterity (+6).
   It insulates you from electricity.
   It protects you from negative energy.
   It affects your willpower, your defense against some magical effects.
 Q - an amulet of magic regeneration (around neck)
 T - the ring of Neg Dishay {+Blink rElec Str-3 Int+6}
   (You took it off a fire giant on level 5 of the Vaults)

   [ring of intelligence]

   It affects your strength (-3).
   It affects your intelligence (+6).
   It insulates you from electricity.
   It lets you blink.
 X - the ring of Yckuemm (left hand) {rElec EV+4}
   (You took it off an orc knight on level 12 of the Dungeon)

   [ring of evasion]

   It affects your evasion (+4).
   It insulates you from electricity.
Wands
 e - a wand of digging (22)
 N - a wand of acid (20)
Scrolls
 d - 31 scrolls of identify
 j - 3 scrolls of torment
 q - 3 scrolls of vulnerability
 u - 2 scrolls of holy word
 x - 13 scrolls of fog
 z - 12 scrolls of blinking
 A - 8 scrolls of immolation
 S - 5 scrolls of fear
 V - 9 scrolls of magic mapping
 W - 21 scrolls of teleportation
Potions
 a - 13 potions of ambrosia
 g - 8 potions of resistance
 i - 5 potions of berserk rage
 k - 14 potions of might
 l - 27 potions of curing
 m - 6 potions of attraction
 o - 17 potions of heal wounds
 p - 7 potions of flight
 s - 6 potions of mutation
 v - 15 potions of brilliance
 C - 10 potions of haste
 E - 8 potions of magic
 I - 12 potions of lignification
 O - 2 potions of invisibility
 U - a potion of cancellation
Miscellaneous
 w - a condenser vane
 B - a box of beasts
 H - a tin of tremorstones (2/2)
 Y - a lightning rod (4/4)
 Z - a phantom mirror


   Skills:
 - Level 23.3 Fighting
 - Level 17.9 Dodging
 - Level 18.6 Stealth
 * Level 17.2 Shields
 - Level 25.7 Spellcasting
 - Level 19.0 Conjurations
 - Level 1.1 Transmutations
 - Level 25.5 Earth Magic


You had 35 spell levels left.
You knew the following spells:

 Your Spells              Type           Power      Damage    Failure   Level
a - Sandblast             Erth           100%       2d20      1%          1
b - Bolt of Magma         Conj/Fire/Erth 75%        4d29      1%          5
c - Lee's Rapid Deconstr  Erth           88%        3d40*     1%          5
d - Petrify               Tmut/Erth      100%       N/A       1%          4
e - Blink                 Tloc           N/A        N/A       1%          2
f - Stone Arrow           Conj/Erth      100%       3d13      1%          3
i - Shatter               Erth           88%        3d64*     1%          9
k - Iron Shot             Conj/Erth      85%        9d15      1%          6
l - Orb of Destruction    Conj           81%        9d20      1%          7

Your spell library contained the following spells:

 Spells                   Type           Power      Damage    Failure   Level
 Animate Skeleton         Necr           100%       N/A       1%          1
 Apportation              Tloc           100%       N/A       1%          1
 Beastly Appendage        Tmut           100%       N/A       1%          1
 Corona                   Hex            91%        N/A       1%          1
 Foxfire                  Conj/Fire      100%       2x1d9     1%          1
 Freeze                   Ice            100%       1d11      1%          1
 Magic Dart               Conj           100%       1d8       1%          1
 Pain                     Necr           100%       1d9       1%          1
 Shock                    Conj/Air       100%       1d9       1%          1
 Sting                    Tmut/Pois      100%       1d8       1%          1
 Summon Small Mammal      Summ           100%       N/A       1%          1
 Call Imp                 Summ           82%        N/A       1%          2
 Corpse Rot               Necr/Air       N/A        N/A       1%          2
 Ensorcelled Hibernation  Hex/Ice        100%       N/A       1%          2
 Passwall                 Tmut/Erth      100%       N/A       1%          2
 Poisonous Vapours        Pois/Air       100%       N/A       1%          2
 Slow                     Hex            82%        N/A       1%          2
 Sublimation of Blood     Necr           41%        N/A       1%          2
 Swiftness                Air            82%        N/A       1%          2
 Wereblood                Tmut           90%        N/A       1%          2
 Call Canine Familiar     Summ           82%        N/A       1%          3
 Confusing Touch          Hex            82%        N/A       1%          3
 Conjure Flame            Conj/Fire      100%       6-21      1%          3
 Dazzling Flash           Conj/Hex       100%       N/A       1%          3
 Frozen Ramparts          Ice            100%       1d12      1%          3
 Gell's Gravitas          Tloc           41%        N/A       1%          3
 Ignite Poison            Fire/Tmut/Pois 85%        N/A       1%          3
 Inner Flame              Hex/Fire       82%        N/A       1%          3
 Lesser Beckoning         Tloc           41%        N/A       1%          3
 Mephitic Cloud           Conj/Pois/Air  100%       N/A       1%          3
 Ozocubu's Armour         Ice            82%        N/A       1%          3
 Portal Projectile        Hex/Tloc       100%       N/A       1%          3
 Spider Form              Tmut/Pois      43%        N/A       1%          3
 Static Discharge         Conj/Air       100%       N/A       1%          3
 Summon Guardian Golem    Hex/Summ       82%        N/A       1%          3
 Teleport Other           Tloc           82%        N/A       1%          3
 Tukima's Dance           Hex            82%        N/A       1%          3
 Vampiric Draining        Necr           41%        2d11      1%          3
 Animate Armour           Summ/Erth      100%       N/A       1%          4
 Fulminant Prism          Conj/Hex       66%        3d28      1%          4
 Hailstorm                Conj/Ice       100%       3d20      1%          4
 Iskenderun's Mystic Bla  Conj/Tloc      100%       2d19      1%          4
 Leda's Liquefaction      Hex/Erth       72%        N/A       1%          4
 Sticky Flame             Conj/Fire      100%       2d11      1%          4
 Borgnjor's Vile Clutch   Necr/Erth      72%        N/A       1%          5
 Fireball                 Conj/Fire      66%        3d25      1%          5
 Irradiate                Conj/Tmut      67%        3d35      1%          5
 Iskenderun's Battlesphe  Conj           100%       2d15      1%          5
 Lightning Bolt           Conj/Air       66%        1d90      1%          5
 Conjure Ball Lightning   Conj/Air       66%        3x3d25    1%          6
 Starburst                Conj/Fire      66%        8x6d17    1%          6
 Statue Form              Tmut/Erth      97%        N/A       1%          6
 Airstrike                Air            41%        N/A       4%          4
 Animate Dead             Necr           41%        N/A       4%          4
 Cause Fear               Hex            41%        N/A       4%          4
 Dispel Undead            Necr           82%        3d27      4%          4
 Ice Form                 Ice/Tmut       87%        N/A       4%          4
 Manifold Assault         Tloc           82%        N/A       4%          4
 Olgreb's Toxic Radiance  Pois           82%        N/A       4%          4
 Passage of Golubria      Tloc           N/A        N/A       4%          4
 Summon Ice Beast         Ice/Summ       82%        N/A       4%          4
 Summon Lightning Spire   Summ/Air       82%        N/A       4%          4
 Freezing Cloud           Conj/Ice/Air   60%        6-21      5%          6
 Blade Hands              Tmut           45%        N/A       8%          5
 Spellforged Servitor     Conj/Summ      66%        N/A       8%          7
 Alistair's Intoxication  Tmut/Pois      58%        N/A       10%         5
 Yara's Violent Unravell  Hex/Tmut       43%        3d17      10%         5
 Agony                    Necr           82%        N/A       12%         5
 Excruciating Wounds      Necr           41%        N/A       12%         5
 Silence                  Hex/Air        41%        N/A       12%         5
 Summon Forest            Summ/Tloc      41%        N/A       12%         5
 Summon Mana Viper        Hex/Summ       82%        N/A       12%         5
 Hydra Form               Tmut           45%        N/A       36%         6
 Eringya's Noxious Bog    Tmut/Pois      43%        N/A       43%         6
 Death Channel            Necr           41%        N/A       50%         6
 Dispersal                Tloc           41%        N/A       50%         6
 Simulacrum               Ice/Necr       41%        N/A       50%         6
 Dragon Form              Tmut           45%        N/A       88%         7
 Haunt                    Necr/Summ      41%        N/A       96%         7
 Malign Gateway           Summ/Tloc      41%        N/A       96%         7
 Monstrous Menagerie      Summ           41%        N/A       96%         7
 Borgnjor's Revivificati  Necr           41%        N/A       100%        8
 Discord                  Hex            41%        N/A       100%        8
 Disjunction              Tloc           41%        N/A       100%        8
 Ignition                 Fire           41%        3d12      100%        8
 Infestation              Necr           41%        N/A       100%        8
 Necromutation            Tmut/Necr      43%        N/A       100%        8
 Summon Horrible Things   Summ           41%        N/A       100%        8
 Death's Door             Necr           41%        N/A       100%        9
 Dragon's Call            Summ           41%        N/A       100%        9
 Tornado                  Air            41%        N/A       100%        9


Dungeon Overview and Level Annotations

Branches:
Dungeon (15/15)            Temple (1/1) D:5            Lair (6/6) D:8
 Shoals (4/4) Lair:2        Snake (4/4) Lair:2        Slime (5/5) Lair:5
    Orc (2/2) D:11            Elf (3/3) Orc:2        Vaults (5/5) D:13
  Crypt (0/3) Vaults:3     Depths (5/5) D:15            Zot (3/5) Depths:5
  Sewer (visited)           IceCv (visited)         Volcano (visited)

Altars:
Ashenzari
Cheibriados
Dithmenos
Elyvilon
Fedhas
Gozag
Hepliaklqana
Kikubaaqudgha
Makhleb
Nemelex Xobeh
Okawaru
Qazlal
Ru
Sif Muna
Trog
Uskayaw
Vehumet
Wu Jian
Xom
Yredelemnul
Zin
The Shining One
Beogh
Jiyva

Shops:
D:4 ([!:(   D:5 *   D:9 =   Orc:2 !:(   Elf:1 [   Elf:3 (   Snake:2 =
Snake:3 (*   Snake:4 :=   Vaults:1 (**(:   Vaults:2 ?   Depths:1 (**?
Depths:5 [

Portals:
Hell: Depths:1 Depths:2 Depths:3 Depths:4 Depths:5
Abyss: Depths:4
Pandemonium: Orc:2 Depths:3
Ziggurat: Depths:2

Annotations:
Elf:2 6 runed translucent doors
Vaults:3 Mennas
Vaults:4 1 runed translucent door
Depths:4 3 runed translucent doors
Zot:3 Adaxemni's ghost, legendary GrFi; Buest's ghost, legendary MiMo; Iwyxus's ghost, master BaIE; Manloll's ghost, legendary GnMo; Muvimm's ghost, legendary GnVM; Obovoim's ghost, legendary MiFi; Tenozav's ghost, legendary MiFi; Uvyism's ghost, legendary GnMo


Innate Abilities, Weirdness & Mutations

You tend to lose your temper in combat.
You are clumsy. (Dex -2)
You are dopey. (Int -2)
Your spells are a little harder to cast, but a little more powerful.


Message History

Aiming: Sandblast (safe; 1% risk of failure)
Press: ? - help, Q - select action, (/) - cycle Shift-Dir - straight line, f/p - Tenozav's ghost
Aim: Tenozav's ghost, wielding a weapon of speed (severely damaged, umbra, 41% to evade)
Okay, then.
Casting: Sandblast (safe; 1% risk of failure)
Confirm with . or Enter, or press ? or * to list all spells.
You feel a surge of power!
You blink.
The moth of wrath's fur bristles in rage as it notices you.
Tenozav's ghost casts a spell.
Tenozav's ghost blinks!
As you read the scroll of teleportation, it crumbles to dust.
You feel strangely unstable.
You feel the Orb delaying your translocation!
The eldritch tentacle slaps you!! The eldritch tentacle freezes you!!
You resist.
You block the eldritch tentacle's attack.
Tenozav's ghost casts a spell.
Tenozav's ghost blinks!
You block the eldritch tentacle's attack. x2
Tenozav's ghost gestures wildly while chanting.
Tenozav's ghost blinks!
The eldritch tentacle slaps you! The eldritch tentacle freezes you!!
You resist.
* * * LOW HITPOINT WARNING * * *
The eldritch tentacle completely misses you.
Casting: Blink (safe; 1% risk of failure)
Confirm with . or Enter, or press ? or * to list all spells.
You feel a surge of power!
You blink.
Manloll's ghost mumbles some strange words.
Manloll's ghost summons a servant imbued with its destructive magic!
Tenozav's ghost casts a spell.
Tenozav's ghost blinks!
The moth of wrath completely misses you.
Manloll's ghost points at the moth of wrath and mumbles some strange words.
The wall shatters!
The blast of rock fragments hits you!!
* * * LOW HITPOINT WARNING * * *
Tenozav's ghost casts a spell.
Tenozav's ghost blinks!
Manloll's ghost gestures at the moth of wrath while chanting.
The wall shatters!
The blast of rock fragments hits you!!!
You die...

#.##.###.........#####.###.#.#..#
.....##...........##...# ###.##..
.)####....#####....###.# ####.#
..# #...#.....#...###.# #.#
#.####.[#.......#..##..# #..
.......#....⌠....#.#.##########+#
.#......Λ─.....⌠..##.####........
.......*..\..)...)'))...#........
##...#...⌠.w...⌠@.##.##.#........
#.........8.⌠.y..#.#.##.#........
#..###..#.W.....#..####.'........
##.###.).#.....#...#.##.#........
##..##....#####....#.##.#........
#...###....[......##.##.#........
##.##.##.........##.....#........
##.##.###.(...?#####.##.'........
##.##.# #.####.## #....#........


You could see an eldritch tentacle, a spellforged servitor (summoned), a moth of
wrath and Manloll's ghost.

Vanquished Creatures
  the Royal Jelly (Slime:5)
  A dread lich (Vaults:4)
  2 ancient liches (Vaults:5)
  An orb of fire (Zot:1)
  3 juggernauts
  2 Killer Klowns (Zot:3)
  Bai Suzhen (Elf:3)
  Saint Roka (Snake:2)
  3 caustic shrikes
  A curse toe (Zot:3)
  13 golden dragons
  A bone dragon (Depths:5)
  the Enchantress (Depths:2)
  An iron giant (shapeshifter) (Depths:4)
  An electric golem (Zot:2)
  The ghost of Lel Raxe the Hoplite, an adept MiFi of Okawaru (Vaults:4)
  The ghost of Lel Raxe the Hoplite, an adept MiFi of Okawaru (Vaults:4)
  21 tentacled monstrosities
  7 liches
  10 deep elf blademasters
  13 titans
  5 deep elf master archers
  17 acid blobs
  8 quicksilver dragons
  13 tentacled starspawn
  An Executioner (Abyss:2)
  A shadow dragon (shapeshifter) (Depths:2)
  6 sphinxes
  Gastronok (D:11)
  Kirke (D:13)
  A kraken (Shoals:1)
  4 death cobs
  9 draconian monks
  9 tengu reavers
  8 rockslimes
  11 shadow dragons
  9 nagarajas
  16 storm dragons
  16 azure jellies
  31 frost giants
  A daeva (Abyss:3)
  2 balrugs (Depths:5)
  The ghost of Hipp the Severer, a journeyman NaBe of Trog (D:15)
  10 draconian scorchers
  4 draconian knights
  28 fire giants
  2 orc warlords
  16 vault wardens
  3 iron dragons (Depths:4)
  2 ghost moths
  9 deep elf sorcerers
  5 deep elf elementalists
  17 ironbound preservers
  6 draconian shifters
  4 draconian annihilators
  4 war gargoyles
  6 spriggan defenders
  17 quicksilver oozes
  2 angels (Abyss:3)
  2 draconian stormcallers (Zot:3)
  2 ophanim (Abyss:3)
  31 very ugly things
  A reaper (Abyss:2)
  27 stone giants
  12 green draconians
  4 vampire knights
  A corrupter (Abyss:3)
  7 deep elf annihilators
  3 dire elephants (Vaults:2)
  The ghost of Ykleste the Cleaver, a journeyman GrFi of the Shining One (Lair:6)
  13 purple draconians
  5 deep elf demonologists
  2 lorocyprocas (Abyss:3)
  10 black draconians
  A bunyip (shapeshifter) (Depths:4)
  A dire elephant (shapeshifter) (Depths:3)
  2 entropy weavers (Vaults:2)
  7 red draconians
  11 white draconians
  13 yellow draconians
  7 spark wasps
  An eidolon (Abyss:3)
  12 ettins
  10 merfolk javelineers
  6 merfolk impalers
  11 deep elf death magi
  An ettin (shapeshifter) (Vaults:1)
  10 deep elf high priests
  10 yaktaur captains
  19 great orbs of eyes
  20 fire dragons
  34 vault guards
  10 rakshasas
  4 boulder beetles
  5 ironbound thunderhulks
  2 peacekeepers (Vaults:2)
  18 hydras
  13 ice dragons
  6 ogre magi
  A monstrous demonspawn (Abyss:3)
  A catoblepas (shapeshifter) (Vaults:5)
  A catoblepas (Lair:5)
  2 spriggan air magi
  12 ironbound frosthearts
  8 merfolk avatars
  A death knight (D:14)
  15 naga warriors
  4 merfolk aquamancers (Shoals:3)
  9 centaur warriors
  4 alligator snapping turtles
  7 anacondas
  36 dancing weapons
  4 tengu warriors
  11 death yaks
  16 deep troll earth magi
  4 vampire magi
  2 hell hogs
  14 deep troll shamans
  5 ironbound beastmasters
  10 spriggan berserkers
  12 naga sharpshooters
  10 thrashing horrors
  5 shock serpents
  27 two-headed ogres
  11 orc high priests
  28 hell knights
  A titan zombie (Abyss:3)
  A sun demon (Abyss:3)
  A storm dragon zombie (Depths:1)
  33 deep elf knights
  2 soul eaters
  7 iron trolls
  A skeletal warrior (D:14)
  A salamander mystic (Snake:3)
  3 sixfirhies
  7 wretched stars (Abyss:3)
  35 sea snakes
  A deep troll (shapeshifter) (Vaults:5)
  2 cherubim (Abyss:3)
  A gelid demonspawn (Orc:2)
  A torturous demonspawn (Orc:2)
  4 unseen horrors
  A glowing orange brain (shapeshifter) (Vaults:2)
  16 starcursed masses
  An infernal demonspawn (Orc:2)
  A shadow demon (Abyss:3)
  3 naga ritualists
  10 glowing orange brains
  6 flayed ghosts
  5 lindwurms
  15 ironbound convokers
  11 wizards
  50 deep trolls
  22 harpies
  Pikel (D:7)
  6 phantasmal warriors
  8 necromancers
  31 deep elf archers
  38 deep elf zephyrmancers
  38 deep elf pyromancers
  7 shining eyes
  11 large abominations
  9 orc knights
  2 wolf spiders
  2 orb spiders (shapeshifter)
  A sphinx zombie (Depths:1)
  A mana viper (shapeshifter) (D:10)
  9 mana vipers
  11 orc sorcerers
  6 salamanders
  A stone giant zombie (Depths:1)
  4 oklob plants (Lair:3)
  3 worldbinders
  6 cyclopes
  21 manticores
  43 ugly things
  13 moths of wrath
  A salamander (shapeshifter) (D:15)
  10 guardian serpents
  3 fauns
  A rust devil (Orc:2)
  8 merfolk sirens
  2 apocalypse crabs (Abyss:3)
  A water nymph (shapeshifter) (Depths:4)
  15 elephants
  8 smoke demons
  8 water nymphs
  12 naga magi
  3 eyes of devastation
  A torpor snail (Lair:4)
  14 vault sentinels
  43 black mambas
  A frost giant skeleton (Abyss:1)
  An orange demon (Abyss:3)
  2 ice statues (IceCv)
  A cane toad (shapeshifter) (Elf:1)
  3 gargoyles
  13 cane toads
  2 molten gargoyles (Lair:6)
  13 komodo dragons
  A kobold demonologist (Abyss:3)
  6 rime drakes
  2 efreet
  30 yaktaurs
  4 ice devils (IceCv)
  4 hellwings
  2 komodo dragons (shapeshifter)
  A demonic crawler (Abyss:3)
  3 freezing wraiths
  A tormentor (Abyss:3)
  11 trolls
  5 tengu conjurers
  4 ancient zymes
  5 red devils (Depths:5)
  2 polar bears
  7 wind drakes
  A jumping spider (Vaults:2)
  27 merfolk
  2 hornets
  2 queen bees
  9 raiju
  112 slime creatures
  23 blink frogs
  A tyrant leech (shapeshifter) (Depths:4)
  13 dream sheep
  11 snapping turtles
  A fire dragon zombie (Depths:1)
  3 redbacks (Vaults:2)
  3 spriggans (Depths:2)
  A redback (shapeshifter) (Depths:2)
  4 shadows
  5 air elementals
  7 wyverns
  17 water elementals
  2 wraiths
  A vampire (D:12)
  4 ynoxinuls
  3 fire elementals
  A human (shapeshifter) (D:15)
  3 hogs (D:13)
  46 yaks
  10 fire bats
  A human (D:13)
  3 steam dragons
  2 hogs (shapeshifter)
  11 golden eyes
  9 basilisks
  6 vampire mosquitoes
  5 chaos spawn
  56 nagas
  2 neqoxecs
  4 wargs
  A soldier ant (D:11)
  2 swamp worms (shapeshifter)
  7 water moccasins
  12 hell hounds
  3 floating eyes (Depths:4)
  5 sky beasts
  A floating eye (shapeshifter) (Depths:4)
  9 ice beasts
  37 orc warriors
  16 ogres
  2 necrophages
  A tengu (shapeshifter) (Vaults:5)
  24 wolves
  9 centaurs
  2 lemures (D:7)
  3 phantoms
  3 kobold brigands
  A glowing shapeshifter simulacrum (Depths:1)
  29 bullfrogs
  A gnoll sergeant (D:12)
  5 earth elementals
  A wyvern skeleton (D:12)
  11 small abominations
  6 scorpions
  52 killer bees
  23 wights
  An electric eel (Snake:2)
  2 howler monkeys
  6 centaur zombies
  4 crimson imps (Depths:5)
  10 lava snakes
  2 bullfrog skeletons
  8 hounds
  3 quasits
  30 orc priests
  2 draconian simulacra (IceCv)
  3 iron imps
  5 jellies
  5 bullfrog zombies
  A gnoll shaman (Orc:2)
  4 centaur skeletons
  7 iguanas
  Natasha (thrice) (D:2)
  4 troll simulacra (IceCv)
  13 worker ants
  19 orc wizards
  A killer bee zombie (D:9)
  A hound zombie (D:5)
  A howler monkey zombie (D:6)
  16 gnolls
  2 ogre simulacra (IceCv)
  11 adders
  2 naga simulacra (IceCv)
  A shadow imp (Abyss:3)
  4 white imps
  2 ufetubi
  An ooze (D:2)
  An adder skeleton (D:9)
  An adder zombie (D:5)
  3 worms
  3 dart slugs
  7 leopard geckos
  114 orcs
  4 ball pythons
  4 bats
  7 giant cockroaches
  5 goblins
  9 hobgoblins
  9 jackals
  6 frilled lizards
  A jackal skeleton (D:5)
  29 kobolds
  A leopard gecko skeleton (D:5)
  A quokka skeleton (D:6)
  11 rats
  A spectral orc (D:9)
  A plant (Shoals:3)
  3 starspawn tentacles
2847 creatures vanquished.

Vanquished Creatures (collateral kills)
  2 nagarajas (Snake:4)
  Snorg (D:13)
  A dancing weapon (Elf:2)
  A deep elf zephyrmancer (Elf:2)
  A guardian serpent (Snake:4)
  A naga mage (Snake:4)
  A black mamba (Snake:4)
  5 orc warriors
  3 ice beasts (Orc:1)
  3 orc priests
  5 orc wizards (Orc:1)
  9 orcs
33 creatures vanquished.

Vanquished Creatures (others)
  An eldritch tentacle (Zot:3)
  A wizard (Vaults:4)
  4 orc warriors
  A hound (D:12)
  An orc priest (Orc:1)
  An orc wizard (Elf:2)
  An orc (D:12)
  A bush (Snake:4)
  26 fungi
  107 plants
  20 starspawn tentacles
164 creatures vanquished.

Grand Total: 3044 creatures vanquished

Notes
Turn   | Place    | Note
-------+----------+-------------------------------------------
     0 | D:1      | Johnny the Deep Elf Earth Elementalist began the quest for
                  | the Orb.
     0 | D:1      | Reached XP level 1. HP: 10/10 MP: 6/6
   508 | D:1      | Reached XP level 2. HP: 14/16 MP: 8/8
   824 | D:1      | Reached skill level 1 in Fighting
  1581 | D:2      | Reached XP level 3. HP: 20/20 MP: 8/10
  1598 | D:2      | Noticed Natasha
  1608 | D:2      | Killed Natasha
  2061 | D:2      | Reached XP level 4. HP: 24/26 MP: 9/11
  2213 | D:2      | Noticed Natasha
  2222 | D:2      | Killed Natasha
  2855 | D:2      | Noticed Natasha
  2856 | D:2      | Killed Natasha
  2857 | D:2      | Reached XP level 5. HP: 31/31 MP: 9/13
  3412 | D:4      | Found a glowing drain.
  3420 | Sewer    | Entered a sewer
  3545 | Sewer    | Reached XP level 6. HP: 37/37 MP: 7/15
  3810 | D:4      | Found Noiffats's Antique Armour Shoppe.
  3818 | D:4      | Bought an opalescent robe for 91 gold pieces
  3818 | D:4      | Identified the +2 robe "Guyf Hol" {Rampage rPois Dex+3}
                  | (You bought it in a shop on level 4 of the Dungeon)
  3902 | D:4      | Found Kojuecka's Antique Weapon Shop.
  4026 | D:4      | Reached skill level 5 in Spellcasting
  4054 | D:4      | Found Xatacok's Weapon Shoppe.
  4122 | D:4      | Found Lywaq Koom's Distillery.
  4300 | D:4      | Found Juxzuc's Book Emporium.
  4521 | D:5      | Entered Level 5 of the Dungeon
  4638 | D:5      | Reached skill level 5 in Earth Magic
  4832 | D:5      | Reached XP level 7. HP: 26/43 MP: 14/17
  5159 | D:5      | Found a staircase to the Ecumenical Temple.
  5174 | Temple   | Entered the Ecumenical Temple
  5442 | Temple   | Became a worshipper of Warmaster Okawaru
  5514 | D:5      | Reached skill level 5 in Fighting
  5564 | D:5      | Reached XP level 8. HP: 49/49 MP: 16/20
  5837 | D:5      | Found Dipniab's General Store.
  5842 | D:5      | Bought a scroll of identify for 28 gold pieces
  5976 | D:5      | Reached * piety under Okawaru
  5978 | D:5      | Found a shimmering blue altar of Sif Muna.
  6029 | D:5      | Found a broken altar of Ashenzari.
  6031 | D:5      | Found a shimmering altar of Xom.
  6242 | D:6      | Found the +0 mask of the Dragon {Will+ Slay+3 SInv}
  6523 | D:6      | Identified the Volume of Fetching Dark Rites
  6555 | D:6      | Found an ornate altar of the Wu Jian Council.
  6713 | D:6      | Found a white marble altar of Elyvilon.
  6773 | D:7      | Learned a level 3 spell: Stone Arrow
  6779 | D:7      | Learned a level 5 spell: Lee's Rapid Deconstruction
  6784 | D:7      | Learned a level 4 spell: Petrify
  6884 | D:7      | Found a radiant altar of Vehumet.
  6884 | D:7      | Found a sacrificial altar of Ru.
  6961 | D:7      | Found an ancient bone altar of Kikubaaqudgha.
  6965 | D:7      | Found a burning altar of Makhleb.
  7373 | D:7      | Reached ** piety under Okawaru
  7374 | D:7      | Reached XP level 9. HP: 56/56 MP: 18/23
  7627 | D:7      | Noticed Pikel
  7671 | D:7      | Killed Pikel
  7810 | D:7      | Reached *** piety under Okawaru
  8348 | D:8      | Noticed a boulder beetle
  8353 | D:8      | Noticed a centaur warrior
  8361 | D:8      | Killed a centaur warrior
  8361 | D:8      | Reached **** piety under Okawaru
  8362 | D:8      | Reached skill level 10 in Spellcasting
  8362 | D:8      | Reached XP level 10. HP: 32/65 MP: 1/26
  8523 | D:8      | Found a staircase to the Lair.
  8600 | D:8      | Killed a boulder beetle
  8728 | D:8      | Noticed a deep elf pyromancer
  8731 | D:8      | Killed a deep elf pyromancer
  8968 | D:8      | Found a glowing silver altar of Zin.
  8968 | D:8      | Found a radiant altar of Vehumet.
  9288 | D:8      | Found a blossoming altar of Fedhas.
  9402 | D:8      | Reached ***** piety under Okawaru
  9903 | D:9      | Reached skill level 10 in Fighting
 10028 | D:9      | Found a hide-covered altar of Uskayaw.
 10185 | D:9      | Identified the +2 scimitar of Ustri {protect, Will+ Dex+3}
 10199 | D:9      | Found Nisoj's Jewellery Shoppe.
 10562 | D:9      | Found a hazy altar of Hepliaklqana.
 10599 | D:10     | Entered Level 10 of the Dungeon
 10603 | D:10     | Reached XP level 11. HP: 72/72 MP: 25/28
 10608 | D:10     | Identified the +6 shortbow "Egg" {freeze, Int-4 Dex+7}
                  | (Okawaru gifted it to you on level 10 of the Dungeon)
 10608 | D:10     | Received a gift from Okawaru
 10613 | D:10     | Reached skill level 10 in Earth Magic
 10695 | D:10     | Noticed a two-headed ogre
 10708 | D:10     | Killed a two-headed ogre
 10961 | D:10     | Noticed a mana viper
 10967 | D:10     | Killed a mana viper
 11139 | D:10     | Noticed a two-headed ogre
 11147 | D:10     | Killed a two-headed ogre
 11933 | D:11     | Identified the +5 great mace of Accidental Termination
                  | {protect, +Blink rElec Str-3 Dex+4} (Okawaru gifted it to
                  | you on level 11 of the Dungeon)
 11933 | D:11     | Received a gift from Okawaru
 12430 | D:11     | Found a sparkling altar of Nemelex Xobeh.
 12440 | D:11     | Noticed a white ugly thing
 12440 | D:11     | Noticed a two-headed ogre
 12452 | D:11     | Killed a white ugly thing
 12453 | D:11     | Killed a two-headed ogre
 12520 | D:11     | Noticed Gastronok
 12548 | D:11     | Reached skill level 5 in Dodging
 12640 | D:11     | Killed Gastronok
 12789 | D:11     | Reached XP level 12. HP: 79/80 MP: 27/30
 12888 | D:11     | Received a gift from Okawaru
 13195 | D:11     | Reached ****** piety under Okawaru
 13497 | D:11     | Reached skill level 1 in Shields
 13611 | D:11     | Found a staircase to the Orcish Mines.
 13685 | D:11     | Received a gift from Okawaru
 13832 | D:12     | Paralysed by a hornet for 2 turns
 14011 | D:12     | Noticed a two-headed ogre
 14017 | D:12     | Killed a two-headed ogre
 14075 | D:12     | Noticed Nessos
 14077 | D:12     | Noticed Nessos
 14077 | D:12     | Nessos changed into Nessos the fire dragon
 14082 | D:12     | HP: 4/81 [Nessos the fire dragon/blast of flame (47)]
 14083 | D:12     | Noticed an ettin
 14253 | D:12     | Noticed a two-headed ogre
 14258 | D:12     | Killed a two-headed ogre
 14288 | D:12     | Noticed a sphinx
 14312 | D:12     | Killed a sphinx
 14483 | D:12     | Killed an ettin
 14535 | D:12     | Identified the ring of Yckuemm {rElec EV+4}
 14563 | D:12     | Noticed a seven-headed hydra
 14676 | D:12     | Noticed an ettin
 14682 | D:12     | Noticed a war gargoyle
 14684 | D:12     | Killed an ettin
 14697 | D:12     | Noticed a six-headed hydra
 14812 | D:12     | Reached XP level 13. HP: 73/87 MP: 15/32
 14999 | D:12     | Identified the +1 robe of the Lumpy Realms {*Slow rC+ MP+9
                  | Stlth+} (Okawaru gifted it to you on level 12 of the
                  | Dungeon)
 14999 | D:12     | Received a gift from Okawaru
 15999 | D:12     | Killed a war gargoyle
 16056 | D:12     | Identified the Compendium of Lethal Beguiling
 16161 | D:12     | Killed Nessos the fire dragon
 16879 | D:13     | Noticed Snorg
 16983 | D:13     | Noticed Kirke
 16996 | D:13     | Killed Kirke
 17185 | D:13     | Found a gate to the Vaults.
 17388 | D:13     | Killed Snorg
 17388 | D:13     | Received a gift from Okawaru
 17639 | D:13     | Reached skill level 5 in Shields
 18147 | D:14     | Gained mutation: Your spells are a little harder to cast,
                  | but a little more powerful. [potion of mutation]
 18147 | D:14     | Gained mutation: Your spells are harder to cast, but more
                  | powerful. [potion of mutation]
 18843 | D:14     | Received a gift from Okawaru
 19239 | D:4      | Bought a book of Minor Magic for 200 gold pieces
 19239 | D:4      | Bought a book of Power for 450 gold pieces
 19242 | D:4      | Learned a level 2 spell: Blink
 19248 | D:4      | Learned a level 5 spell: Bolt of Magma
 19444 | Orc:1    | Entered Level 1 of the Orcish Mines
 19497 | Orc:1    | Reached XP level 14. HP: 94/94 MP: 34/34
 19529 | Orc:1    | Found a frozen archway.
 19547 | IceCv    | Entered an ice cave
 19850 | IceCv    | Found the +4 skin of Zhor {Englaciate rC+++ SInv}
 19863 | IceCv    | Identified the +10 hand axe of Defilement {flame, *Noise
                  | MP+9 SInv}
 20265 | Orc:2    | Entered Level 2 of the Orcish Mines
 20268 | Orc:2    | Reached skill level 15 in Spellcasting
 20347 | Orc:1    | Noticed an orc warlord
 20368 | Orc:2    | Killed an orc warlord
 21061 | Orc:2    | Found a staircase to the Elven Halls.
 21278 | Orc:2    | Found Luippuass's Distillery.
 21289 | Orc:2    | Found Haskume's Magic Scroll Emporium.
 21421 | Orc:2    | Bought a scroll of blinking for 75 gold pieces
 21421 | Orc:2    | Bought a scroll of summoning for 95 gold pieces
 21421 | Orc:2    | Bought a scroll of identify for 20 gold pieces
 21421 | Orc:2    | Bought a scroll of magic mapping for 35 gold pieces
 21421 | Orc:2    | Bought a scroll of identify for 20 gold pieces
 21421 | Orc:2    | Bought a scroll of teleportation for 30 gold pieces
 21423 | Orc:2    | Bought a potion of haste for 160 gold pieces
 21423 | Orc:2    | Bought 2 potions of curing for 96 gold pieces
 21423 | Orc:2    | Bought a potion of heal wounds for 80 gold pieces
 21423 | Orc:2    | Bought a potion of curing for 48 gold pieces
 21601 | Orc:2    | Identified the +7 longbow of Xefaat {venom, Dex+7} (Okawaru
                  | gifted it to you on level 2 of the Orcish Mines)
 21601 | Orc:2    | Received a gift from Okawaru
 22080 | Orc:2    | Received a gift from Okawaru
 22208 | Orc:2    | Found Ipsaqeer's Book Boutique.
 22208 | Orc:2    | Found Ikiton's Antique Weapon Shop.
 22209 | Orc:2    | Found a one-way gate leading to the halls of Pandemonium.
 22587 | Lair:1   | Entered Level 1 of the Lair of Beasts
 23447 | Lair:2   | Found a staircase to the Shoals.
 23502 | Lair:2   | Found a staircase to the Snake Pit.
 23872 | Lair:2   | Reached XP level 15. HP: 101/101 MP: 37/37
 24227 | Lair:3   | Found a dark tunnel.
 24233 | Volcano  | Entered a volcano
 24507 | Volcano  | Found a burning altar of Makhleb.
 24536 | Volcano  | Found a radiant altar of Vehumet.
 24817 | Lair:3   | Received a gift from Okawaru
 25576 | Lair:4   | Reached skill level 15 in Fighting
 26019 | Lair:4   | Identified the +3 hunting sling "Eddynusk" {flame, *Corrode
                  | rPois Dex+2} (Okawaru gifted it to you on level 4 of the
                  | Lair of Beasts)
 26019 | Lair:4   | Received a gift from Okawaru
 27176 | Lair:5   | Found a staircase to the Slime Pits.
 27176 | Lair:5   | Found a viscous altar of Jiyva.
 27461 | Lair:5   | Reached skill level 15 in Earth Magic
 27766 | Lair:6   | Entered Level 6 of the Lair of Beasts
 27768 | Lair:6   | Received a gift from Okawaru
 27769 | Lair:6   | Reached XP level 16. HP: 108/108 MP: 30/40
 28902 | Lair:6   | Found a runed translucent gate.
 28903 | Lair:6   | Found a runed translucent gate.
 28904 | Lair:6   | Found a runed translucent gate.
 28904 | Lair:6   | Noticed Ykleste's ghost (journeyman GrFi)
 28907 | Lair:6   | Found a viscous altar of Jiyva.
 29301 | Lair:6   | Found a large runed translucent door.
 29330 | Lair:6   | Learned a level 6 spell: Iron Shot
 29678 | Lair:6   | Found a large runed translucent door.
 30369 | Lair:6   | Killed Ykleste's ghost
 30646 | D:4      | Bought a potion of lignification for 33 gold pieces
 30646 | D:4      | Bought a potion of resistance for 110 gold pieces
 30646 | D:4      | Bought a potion of heal wounds for 55 gold pieces
 30646 | D:4      | Bought a potion of brilliance for 44 gold pieces
 30646 | D:4      | Bought a potion of heal wounds for 55 gold pieces
 30851 | Orc:2    | Bought a potion of mutation for 128 gold pieces
 30874 | Elf:1    | Entered Level 1 of the Elven Halls
 30897 | Elf:1    | Received a gift from Okawaru
 31009 | Elf:1    | Identified Sif Muna's Reference Book on Summoning
 31379 | Elf:1    | Identified the +0 pair of gloves "Uwkut" {rF+ rC+} (Okawaru
                  | gifted it to you on level 1 of the Elven Halls)
 31379 | Elf:1    | Received a gift from Okawaru
 31610 | Elf:1    | Found Dybby's Armour Emporium.
 32222 | Elf:2    | Reached XP level 17. HP: 108/115 MP: 10/43
 32374 | Elf:2    | Found a runed translucent gate.
 32374 | Elf:2    | Found a runed translucent gate.
 32374 | Elf:2    | Found a runed translucent gate.
 32374 | Elf:2    | Found a runed translucent gate.
 32374 | Elf:2    | Found a runed translucent gate.
 32376 | Elf:2    | Found a runed translucent gate.
 32440 | Elf:2    | Found a runed translucent gate.
 32440 | Elf:2    | Found a runed translucent gate.
 32441 | Elf:2    | Found a runed translucent gate.
 32562 | Elf:2    | Found a portal to a secret trove of treasure.
 32754 | Elf:2    | Noticed a deep elf blademaster
 32764 | Elf:2    | Killed a deep elf blademaster
 32764 | Elf:2    | Received a gift from Okawaru
 33529 | Elf:3    | Entered Level 3 of the Elven Halls
 33699 | Elf:3    | Found Necay's Antique Weapon Shop.
 33781 | Elf:3    | Received a gift from Okawaru
 33863 | Elf:3    | Noticed Bai Suzhen
 33886 | Elf:3    | Killed Bai Suzhen
 34420 | Elf:3    | Reached XP level 18. HP: 122/122 MP: 29/46
 34570 | Elf:3    | Identified the +3 hand axe "Huof Keu" {freeze, MP+9}
 34662 | Elf:3    | Received a gift from Okawaru
 35085 | Elf:3    | Identified the +10 flail of Eternal Vigilance {vorpal,
                  | rElec rPois}
 35265 | Elf:3    | Identified the +3 leather armour of Vyidisho {Will+ Str+3}
 35334 | Elf:3    | Identified a scroll of acquirement
 35335 | Elf:3    | Acquired a +1 cloak of poison resistance
 35409 | Elf:3    | Identified the Reference Book on Earthen Confrontation
 35475 | Elf:3    | Identified Luisa's Compendium of Conjuration
 35482 | Elf:3    | Identified the +0 helmet of the Engineer {rC+ Slay+3}
 35689 | Orc:2    | Bought a book of the Tempests for 1120 gold pieces
 35699 | Orc:2    | Learned a level 9 spell: Shatter
 35856 | Snake:1  | Entered Level 1 of the Snake Pit
 36834 | Snake:2  | You fall into a shaft and drop 1 floor!
 36865 | Snake:3  | Received a gift from Okawaru
 36866 | Snake:3  | Found the +27 Lear's hauberk
 37424 | Snake:3  | Found Neovvug's Assorted Antiques.
 37459 | Snake:3  | Bought a scroll of fog for 76 gold pieces
 37491 | Snake:3  | Found Beikk's Weapon Shop.
 37946 | Snake:3  | Identified the +6 short sword of Wapso {venom, rF++}
 38500 | Snake:2  | Found Xoasosu's Jewellery Shoppe.
 38507 | Snake:2  | Noticed Saint Roka
 38669 | Snake:2  | Killed Saint Roka
 38670 | Snake:2  | Reached XP level 19. HP: 127/128 MP: 19/49
 39771 | Snake:4  | Entered Level 4 of the Snake Pit
 40172 | Snake:4  | Identified the +2 great mace "Alaptop" {speed, rPois}
                  | (Okawaru gifted it to you on level 4 of the Snake Pit)
 40172 | Snake:4  | Received a gift from Okawaru
 40926 | Snake:4  | Received a gift from Okawaru
 41275 | Snake:4  | Got a serpentine rune of Zot
 41579 | Snake:4  | Received a gift from Okawaru
 41715 | Snake:4  | Found Tet Peu's Jewellery Emporium.
 41715 | Snake:4  | Found Keixet's Book Boutique.
 41716 | Snake:4  | Found Muopupnu's Jewellery Emporium.
 42028 | Shoals:1 | Entered Level 1 of the Shoals
 43411 | Shoals:2 | Identified the +1 pair of gloves "Rotza" {Rampage rC+}
                  | (Okawaru gifted it to you on level 2 of the Shoals)
 43411 | Shoals:2 | Received a gift from Okawaru
 43420 | Shoals:2 | Reached XP level 20. HP: 55/136 MP: 2/51
 45235 | Shoals:4 | Entered Level 4 of the Shoals
 46211 | Shoals:4 | Received a gift from Okawaru
 46357 | Shoals:4 | Identified the ring "Sarotit" {Ice Int+5 Dex+7}
 46842 | Shoals:4 | Identified the ring of Xom's Sleight of Hands {Will+
                  | Slay+3}
 46924 | Shoals:4 | Got a barnacled rune of Zot
 47221 | Vaults:1 | Entered Level 1 of the Vaults
 47221 | Vaults:1 | Found Ipruon's General Store.
 47227 | Vaults:1 | Bought a potion of heal wounds for 90 gold pieces
 47227 | Vaults:1 | Bought a scroll of fog for 36 gold pieces
 47227 | Vaults:1 | Bought a potion of curing for 54 gold pieces
 47442 | Vaults:1 | Found Vyut's Weapon Boutique.
 47443 | Vaults:1 | Found Kofew's Book Boutique.
 47459 | Vaults:1 | Bought a manual of Fighting for 1104 gold pieces
 47981 | Vaults:1 | Found Mehosej's General Store.
 47996 | Vaults:1 | Bought a scroll of teleportation for 39 gold pieces
 48241 | Vaults:1 | Found Nexaromo's Antique Weapon Boutique.
 49061 | Vaults:2 | Identified the +1 ring mail of the Wumpus {+Inv Will+ Dex+3
                  | Slay+2} (Okawaru gifted it to you on level 2 of the Vaults)
 49061 | Vaults:2 | Received a gift from Okawaru
 49165 | Vaults:2 | Reached XP level 21. HP: 133/142 MP: 37/52
 49754 | Vaults:2 | Found Lida's Magic Scroll Boutique.
 49763 | Vaults:2 | Bought a scroll of teleportation for 54 gold pieces
 50763 | Vaults:3 | Found a flickering gateway to a bazaar.
 50774 | Bazaar   | Entered a bazaar
 50826 | Bazaar   | Found Efeawale's Distillery.
 50830 | Bazaar   | Found Xiweneuv's Book Boutique.
 50830 | Bazaar   | Found Malumpa's Book Boutique.
 50831 | Bazaar   | Found Jucloc's General Store.
 50846 | Bazaar   | Bought a potion of ambrosia for 80 gold pieces
 50864 | Bazaar   | Bought a potion of heal wounds for 55 gold pieces
 50890 | Vaults:3 | Noticed Mennas
 50968 | Vaults:4 | Received a gift from Okawaru
 51126 | Vaults:4 | Noticed a dread lich
 51143 | Vaults:4 | Noticed Lel Raxe's ghost (adept MiFi)
 51146 | Vaults:4 | Killed a dread lich
 51148 | Vaults:4 | Noticed Lel Raxe's ghost (adept MiFi)
 51150 | Vaults:4 | Killed Lel Raxe's ghost
 51150 | Vaults:4 | Received a gift from Okawaru
 51156 | Vaults:4 | Killed Lel Raxe's ghost
 51309 | Vaults:4 | Found a runed translucent door.
 51397 | Vaults:4 | Found an ancient bone altar of Kikubaaqudgha.
 51402 | Vaults:4 | Identified the ring of Wimaharu {rElec rN+ Will+++ Str-2
                  | Dex+6}
 51481 | Vaults:4 | Identified Kikubaaqudgha's Disquisition on Sinister Rites
 51641 | Vaults:4 | Identified the +2 cloak of Xarghu {Harm *Slow Int+3}
 51711 | Vaults:4 | Reached XP level 22. HP: 152/152 MP: 34/53
 52392 | Vaults:4 | Received a gift from Okawaru
 52818 | Vaults:5 | Entered Level 5 of the Vaults
 52830 | Vaults:5 | Noticed an ancient lich
 52831 | Vaults:5 | Killed an ancient lich
 52933 | Vaults:5 | Noticed an ancient lich
 52935 | Vaults:5 | Killed an ancient lich
 52939 | Vaults:5 | Received a gift from Okawaru
 52940 | Vaults:5 | Found the +8 demon blade "Leech" {vamp, *Rage +Rage rN+}
 53337 | Vaults:5 | Reached XP level 23. HP: 159/159 MP: 25/54
 53353 | Vaults:5 | Received a gift from Okawaru
 53371 | Vaults:5 | Identified the ring of Neg Dishay {+Blink rElec Str-3
                  | Int+6}
 53496 | Vaults:5 | Identified the amulet of Ebar {Acrobat +Inv}
 53647 | Vaults:5 | Identified the ring of Yendor {rF+ Str+4 Int+2}
 54142 | Vaults:5 | Identified the Volume of Power
 54362 | Vaults:5 | Identified the Almanac of Attacks and Transmigration
 54877 | Vaults:5 | Got a silver rune of Zot
 55155 | Vaults:1 | Bought a manual of Dodging for 1104 gold pieces
 55244 | D:15     | Entered Level 15 of the Dungeon
 55310 | D:15     | Found a staircase to the Depths.
 55384 | D:15     | Reached skill level 1 in Conjurations
 55409 | D:15     | Identified the +1 robe of Ylusor {rC+ Int+3} (Okawaru
                  | gifted it to you on level 15 of the Dungeon)
 55409 | D:15     | Received a gift from Okawaru
 55414 | D:15     | Found a broken altar of Ashenzari.
 55456 | D:15     | Reached skill level 10 in Dodging
 55741 | D:15     | Noticed Hipp's ghost (journeyman NaBe)
 55741 | D:15     | Found a runed translucent gate.
 55741 | D:15     | Found a runed translucent gate.
 55741 | D:15     | Found a runed translucent gate.
 55754 | D:15     | Identified the +3 morningstar of Amortisation {vorpal, rF+}
 55754 | D:15     | Identified the +1 plate armour of Dishonour {Dex+3}
 55769 | D:15     | Killed Hipp's ghost
 56293 | Depths:1 | Entered Level 1 of the Depths
 56450 | Depths:1 | Reached skill level 5 in Conjurations
 56737 | Depths:1 | Found Danouczoh's Assorted Antiques.
 56743 | Depths:1 | Found Rifil's Magic Scroll Emporium.
 56743 | Depths:1 | Found Ypsitugg's Antique Weapon Shoppe.
 56748 | Depths:1 | Bought a scroll of fear for 119 gold pieces
 56748 | Depths:1 | Found Nivyxe's General Store.
 56764 | Depths:1 | Bought a scroll of teleportation for 60 gold pieces
 56772 | Depths:1 | Bought a scroll of magic mapping for 66 gold pieces
 56772 | Depths:1 | Bought a scroll of fog for 38 gold pieces
 56772 | Depths:1 | Bought a scroll of vulnerability for 142 gold pieces
 57295 | Depths:1 | Found a gateway to Hell.
 57822 | Depths:1 | Upgraded the game from 0.27-a0-661-gca034ae587 to
                  | 0.27-a0-676-gc1da3516c2
 58157 | Slime:1  | Entered Level 1 of the Pits of Slime
 58361 | Slime:2  | Received a gift from Okawaru
 58959 | Slime:3  | Gained mutation: You are dopey. (Int -2) [a shining eye]
 58961 | Slime:3  | Reached XP level 24. HP: 152/166 MP: 28/54
 59281 | Slime:4  | Lost mutation: Your spells are harder to cast, but more
                  | powerful. [a shining eye]
 59293 | Slime:4  | Reached skill level 15 in Dodging
 59956 | Slime:3  | Gained mutation: You are clumsy. (Dex -2) [a shining eye]
 60028 | Slime:2  | Reached skill level 10 in Conjurations
 60505 | Slime:5  | Entered Level 5 of the Pits of Slime
 60985 | Slime:5  | Noticed the Royal Jelly
 61007 | Slime:5  | Killed the Royal Jelly
 61196 | Slime:5  | Identified the Compendium of Flying Summoning
 61253 | Slime:5  | Identified the +7 dagger of Beogh's Reproof {pain, rN++
                  | Int+2 Stlth+}
 61272 | Slime:5  | Identified Sif Muna's Papyrus of Poison and Orientation
 61276 | Slime:5  | Got a slimy rune of Zot
 62007 | Elf:2    | You showed the slimy rune of Zot to enter a treasure trove
 62008 | Trove    | Entered a treasure trove
 62012 | Trove    | Identified the +1 cloak "Duiwutt" {+Inv rN+ Str-4 Int+5}
 62020 | Trove    | Identified the +0 scale mail of Dramatic Exits {Regen+}
 62021 | Trove    | Identified the +2 robe of Soenuq {Will+ Int+4}
 62023 | Trove    | Identified the +3 buckler of Ledejepp {Slay+4}
 62033 | Trove    | Identified the +0 pair of gloves "Tofuxt" {rF+ Slay+3}
 62314 | D:15     | Learned a level 7 spell: Orb of Destruction
 62457 | Depths:2 | Identified the +4 longbow of the Leaping Eel {flame, rN+
                  | Str-5 Int+2} (Okawaru gifted it to you on level 2 of the
                  | Depths)
 62457 | Depths:2 | Received a gift from Okawaru
 62660 | Depths:2 | Noticed the Enchantress
 63094 | Depths:2 | Reached skill level 5 in Stealth
 63393 | Depths:2 | You fall into a shaft and drop 2 floors!
 64445 | Depths:2 | Reached XP level 25. HP: 107/172 MP: 11/54
 64446 | Depths:2 | Identified the +4 cloak of Forking Paths {Stlth+} (Okawaru
                  | gifted it to you on level 2 of the Depths)
 64446 | Depths:2 | Received a gift from Okawaru
 64651 | Depths:2 | Identified the +10 spear of Benevolence {flame, *Rage rPois
                  | Int+8}
 64980 | Depths:2 | Noticed a juggernaut
 64984 | Depths:2 | Killed a juggernaut
 65114 | Depths:2 | Killed the Enchantress
 65115 | Depths:2 | Found the +6 arbalest "Damnation" {damnation}
 65117 | Depths:2 | Reached skill level 10 in Stealth
 65411 | Depths:2 | Received a gift from Okawaru
 65690 | Depths:2 | Identified the Tome of the Rocks
 65858 | Depths:2 | Found a gateway to a ziggurat.
 65871 | Depths:2 | Identified the Tome of Conjuration
 67093 | Depths:3 | Received a gift from Okawaru
 67251 | Depths:3 | Reached skill level 15 in Conjurations
 67353 | Depths:3 | Noticed a juggernaut
 67435 | Depths:3 | Killed a juggernaut
 68119 | Depths:3 | Reached XP level 26. HP: 180/180 MP: 41/54
 68352 | Depths:4 | Found a runed translucent door.
 68626 | Depths:4 | Found a runed translucent door.
 68790 | Depths:4 | Found a runed translucent door.
 68794 | Depths:4 | Found a runed translucent door.
 68996 | Depths:4 | Identified the +0 buckler of Bespelled the Good {rPois rC+
                  | Str+3} (Okawaru gifted it to you on level 4 of the Depths)
 68996 | Depths:4 | Received a gift from Okawaru
 69276 | Depths:4 | Found a one-way gate to the infinite horrors of the Abyss.
 69277 | Depths:4 | Identified the +9 dagger of Conscience {vamp, rN++ Str+6}
 69672 | Depths:4 | Reached skill level 15 in Stealth
 69739 | Depths:4 | Found a runed translucent door.
 69739 | Depths:4 | Found a runed translucent door.
 70161 | Depths:4 | Found a radiant altar of Vehumet.
 70852 | Depths:4 | Identified the +5 plate armour of the Slug {Dex+3 Slay-6
                  | Stlth+} (Okawaru gifted it to you on level 4 of the Depths)
 70852 | Depths:4 | Received a gift from Okawaru
 71306 | Depths:4 | Identified the Guide on Damaging Cold
 71310 | Depths:4 | Identified the +1 ring mail of Muni {rElec}
 71717 | Depths:4 | Paralysed by a floating eye for 3 turns
 72185 | Depths:5 | Entered Level 5 of the Depths
 72185 | Depths:5 | Found Zonloss's Antique Armour Emporium.
 72187 | Depths:5 | Reached XP level 27. HP: 188/188 MP: 46/54
 72332 | Depths:5 | Bought a dazzling cloak for 522 gold pieces
 72332 | Depths:5 | Identified the +1 cloak of the Ditch-Digger {Will+ Dex+4}
                  | (You bought it in a shop on level 5 of the Depths)
 72501 | Depths:5 | Identified the amulet "Pedeuveh" {Will- Regen+ Int+5}
 72873 | Depths:5 | Found a gate to the Realm of Zot.
 73538 | Depths:5 | Identified the +4 plate armour of the Realm of Zot {+Inv
                  | Int-2 SInv} (Okawaru gifted it to you on level 5 of the
                  | Depths)
 73538 | Depths:5 | Received a gift from Okawaru
 74452 | Depths:4 | Voluntarily entered the Abyss.
 74771 | Abyss:2  | Identified the +0 chain mail of Defence {rPois Int-3 SInv}
 75008 | Abyss:3  | Found a corrupted altar of Lugonu.
 75073 | Abyss:3  | Found a glowing golden altar of the Shining One.
 75172 | Abyss:3  | Noticed a juggernaut
 75178 | Abyss:3  | Killed a juggernaut
 75188 | Abyss:3  | Got an abyssal rune of Zot
 75689 | Abyss:3  | Received a gift from Okawaru
 76106 | Abyss:3  | Reached skill level 10 in Shields
 76357 | Depths:4 | Escaped the Abyss
 76826 | Temple   | Fell from the grace of Okawaru
 76826 | Temple   | Became a worshipper of Dithmenos the Shadowed
 77289 | Zot:1    | Entered Level 1 of the Realm of Zot
 77656 | Zot:1    | Noticed an orb of fire
 77660 | Zot:1    | Gained mutation: You tend to lose your temper in combat.
                  | [an orb of fire]
 77662 | Zot:1    | Killed an orb of fire
 77662 | Zot:1    | Reached * piety under Dithmenos
 79598 | Zot:2    | Reached ** piety under Dithmenos
 80877 | Zot:3    | Found a huge runed gate.
 80877 | Zot:3    | Found a huge runed gate.
 80877 | Zot:3    | Found a huge runed gate.
 80877 | Zot:3    | Found a huge runed gate.
 80877 | Zot:3    | Found a huge runed gate.
 80877 | Zot:3    | Found a huge runed gate.
 80877 | Zot:3    | Found a huge runed gate.
 80877 | Zot:3    | Found a huge runed gate.
 80878 | Zot:3    | Found a huge runed gate.
 80879 | Zot:3    | Found a huge runed gate.
 80903 | Zot:3    | Reached skill level 15 in Shields
 80947 | Zot:3    | Reached *** piety under Dithmenos
 81915 | Zot:3    | Reached **** piety under Dithmenos
 82187 | Zot:3    | Found a huge runed gate.
 82192 | Zot:3    | Found a huge runed gate.
 82192 | Zot:3    | Found a huge runed gate.
 82193 | Zot:3    | Found a huge runed gate.
 82197 | Zot:3    | Found a huge runed gate.
 82241 | Zot:3    | Found a huge runed gate.
 82242 | Zot:3    | Found a huge runed gate.
 82243 | Zot:3    | Found a huge runed gate.
 82263 | Zot:3    | Found a huge runed gate.
 82263 | Zot:3    | Found a huge runed gate.
 82263 | Zot:3    | Found a huge runed gate.
 82263 | Zot:3    | Found a huge runed gate.
 82384 | Zot:3    | Found a huge runed gate.
 82517 | Zot:3    | Noticed Adaxemni's ghost (legendary GrFi)
 82517 | Zot:3    | Noticed Obovoim's ghost (legendary MiFi)
 82517 | Zot:3    | Noticed Manloll's ghost (legendary GnMo)
 82517 | Zot:3    | Noticed Muvimm's ghost (legendary GnVM)
 82518 | Zot:3    | Noticed Iwyxus's ghost (master BaIE)
 82518 | Zot:3    | Noticed Uvyism's ghost (legendary GnMo)
 82518 | Zot:3    | Identified the ring "Ocoba" {*Drain +Blink rElec Will+
                  | SInv}
 82518 | Zot:3    | Noticed Buest's ghost (legendary MiMo)
 82519 | Zot:3    | Noticed Tenozav's ghost (legendary MiFi)
 82874 | Zot:3    | Killed from afar by Manloll's ghost

Illustrated notes

Levels and vault maps discovered:
D:1:      lightli_arrival_windingriver, layout_basic, serial_corexii_hall,
          corexii_hall_statues_i, chequers_hall_statues_y
D:2:      layout_basic, kennysheep_generic_room_7, uniq_natasha
D:3:      layout_basic
D:4:      layout_basic, serial_shops, nicolae_shop_behind_doors, shop, shop,
          nicolae_shop_crystal, shop, gup_sewer_entry_bubbles
D:5:      layout_cave_pods, grunt_temple_overflow_open,
          minmay_temple_entry_statues_pillars, serial_shops, nicolae_shop_stone
D:6:      layout_gridville, old_standard_altar, lemuel_coloured_pillars_altar,
          kennysheep_generic_room_15
D:7:      layout_gridville, gammafunk_temple_overflow_statue, minitemple,
          uniq_pikel
D:8:      layout_rooms, nicolae_overflow_crystal_walls, lair_entry_dummy,
          jmf_multi_god_temple
D:9:      layout_long_grid, lemuel_round_altar,
          nicolae_hepliaklqana_monster_ancestors, serial_shops, shop
D:10:     layout_long_grid, fountainhead
D:11:     layout_roguey, hiddenorc1_lemuel, special_room [special_room_bee],
          nemelex_diamond_rough_becter, uniq_gastronok
D:12:     minmay_complete_graph, layout_basic, uniq_nessos
D:13:     layout_basic, david_vaults_1, kennysheep_small_square, uniq_kirke,
          uniq_snorg
D:14:     layout_grid_maze, chequers_decorated_corner
D:15:     grunt_enter_depths_giant_problem, layout_small_grid,
          evilmike_ruin_ashenzari, biasface_ghost_orc_armoury
Temple:   jpeg_temple_alley_garden
Lair:1:   layout_loops_ring
Lair:2:   layout_long_grid, minmay_shoals_entry_centaurs,
          guppyfry_snake_entry_garden, serial_bayou_shore_b
Lair:3:   layout_regular_city, nicolae_volcano_entry_lava_flow, minivault_11,
          lemuel_fruit_tree, minmay_lair_oklob_chamber, serial_bayou_shore_b
Lair:4:   layout_regular_city, grunt_megastairs_3, serial_bayou_shore_b
Lair:5:   layout_misc_corridors, slime_altar_1
Lair:6:   cheibrodos_lair_end_hotspot, layout_loops_ring, gammafunk_ghost_ooze
Shoals:1: layout_shoals
Shoals:2: layout_shoals
Shoals:3: cheibrodos_shoals_three_sisters, layout_shoals
Shoals:4: shoals_end_hangedman, layout_shoals
Snake:1:  layout_rooms, st_stairs_3
Snake:2:  layout_layer_cave, serial_bayou_ford_a, drop_trap, minmay_shop_star,
          uniq_saint_roka
Snake:3:  layout_misc_corridors, serial_shops, shop_statue,
          nicolae_shop_temple_entry_statues_fountains, grunt_ministairs_6,
          serial_bayou_lagoon_a, hangedman_snake_corridor_split
Snake:4:  grunt_snake_rune_pools, layout_cave_town, minmay_shop_grove
Slime:1:  layout_caves
Slime:2:  layout_caves, cheibrodos_slime_lost_civilization_5
Slime:3:  layout_caves
Slime:4:  layout_caves
Slime:5
Orc:1:    layout_diamond_mine, portal_ice_cave_entry_ice_beasts
Orc:2:    pf_orc_diabolical, layout_caves, lightli_orcish_oven
Elf:1:    minmay_slanted_spiral_squares, layout_loops_cross, serial_shops, shop,
          minmay_elf_demonology
Elf:2:    layout_rooms, nicolae_trove_entry_crystal, orc_legates
Elf:3:    elf_hall_gauntlet_wide, layout_geoelf_octagon, serial_shops,
          nicolae_shop_overgrown_old_shop, uniq_bai_suzhen
Vaults:1: nicolae_vaults_ninety_degrees, vaults_dpeg_spiral, vaults_dpeg_doors,
          v_misc_22, vaults_room_hallway, vaults_room_guarded_vault,
          vaults_dpeg_diagonal, layout_vaults_omnigrid, serial_shops,
          nicolae_shop_trees, nicolae_shop_window_shopping, shop_statue, shop,
          nicolae_shop_stone
Vaults:2: dpeg_vaults_monster_row, v_misc_29, hangedman_vaults_corner_blocks,
          v_pattern_5, hangedman_vaults_snaps, nicolae_vaults_border_crossing,
          nicolae_vaults_rhombus_7, vaults_dpeg_hooks,
          nicolae_vaults_display_case, vaults_standard_mumra_lines,
          ontoclasm_vaults_gateway, layout_vaults_omnibox, serial_shops, shop
Vaults:3: vaults_standard_mumra_x, minmay_crypt_entry_nasty_monster,
          nicolae_vaults_network_barrier, grunt_vaults_focal, vaults_room_fours,
          nicolae_vaults_little_squares_1, vaults_mumra_hexcomb, v_pattern_2,
          v_misc_27, nicolae_vaults_asterisk, v_misc_24,
          nicolae_vaults_shelves_hall, layout_vaults_big_room, serial_shops,
          bzr_entry_water, uniq_mennas
Vaults:4: gammafunk_vaults_ghost_crypt, ontoclasm_vaults_decontamination,
          vaults_mumra_minichess, vaults_standard_mumra_enter_the_diamond,
          v_misc_11, v_rooms_6, v_misc_33, ontoclasm_vaults_tryst, v_misc_30,
          v_misc_25, ontoclasm_vaults_ring_small, vaults_dpeg_cross,
          layout_vaults_maze
Vaults:5
Depths:1: layout_basic, pf_coc_iceberg, minmay_misc_feat_plants, nrook_campfire,
          minmay_three_doors, minmay_shoptagon, infiniplex_staircase_pool_lava
Depths:2: box_level_dp, hell_entry, serial_shops, uniq_enchantress
Depths:3: lemuel_traditional_vault, layout_honeycomb, grunt_pan_entry_spiral,
          grunt_hell_entry_dis_old, hangedman_abyss_or_decor_passed
Depths:4: minmay_the_grid_ultimate [minmay_the_grid_prize_inner_circle,
          minmay_the_grid_prize_diamond_cup, minmay_the_grid_prize_big_room,
          minmay_the_grid_prize_four_corners,
          minmay_the_grid_square_5x5_tetrominoes,
          minmay_the_grid_square_5x5_bite, minmay_the_grid_square_5x5_forky,
          minmay_the_grid_square_5x5_eight, minmay_the_grid_square_5x5_six,
          minmay_the_grid_square_5x5_plus, minmay_the_grid_square_5x5_three,
          minmay_the_grid_square_5x5_spiral_small,
          minmay_the_grid_square_5x5_corner, minmay_the_grid_square_5x5_two,
          minmay_the_grid_square_5x5_intrusive_squares,
          minmay_the_grid_square_5x5_dogpile, minmay_the_grid_square_5x5_bridge,
          minmay_the_grid_square_5x5_shuriken,
          minmay_the_grid_square_5x5_checkered_statues,
          minmay_the_grid_triangle_9x9_warning,
          minmay_the_grid_triangle_9x9_flanged_cone,
          minmay_the_grid_triangle_9x9_from_above,
          minmay_the_grid_triangle_9x9_fully_insulated_deathbox,
          minmay_the_grid_triangle_9x9_impossible_snake,
          minmay_the_grid_triangle_9x9_minimal,
          minmay_the_grid_triangle_9x9_corruption,
          minmay_the_grid_triangle_9x9_subtriangle,
          minmay_the_grid_triangle_9x9_tough_junction,
          minmay_the_grid_triangle_9x9_empty,
          minmay_the_grid_triangle_9x9_dagger,
          minmay_the_grid_triangle_9x9_stretched_checkered,
          minmay_the_grid_triangle_9x9_sparse_checkered,
          minmay_the_grid_triangle_9x9_steps,
          minmay_the_grid_triangle_9x9_negative_grid,
          minmay_the_grid_triangle_9x9_odd_lines,
          minmay_the_grid_square_5x5_two_small, minmay_the_grid_octo_checkered,
          minmay_the_grid_octo_thin_diamonds, minmay_the_grid_octo_pinwheel,
          minmay_the_grid_octo_horde, minmay_the_grid_octo_concentric,
          minmay_the_grid_octo_toaster, minmay_the_grid_octo_odd_swirl,
          minmay_the_grid_octo_vomiting_pacman, minmay_the_grid_embedded,
          minmay_the_grid_outer_circle, minmay_the_grid_spikes,
          minmay_the_grid_armoury], abyss_entry, hell_entry
Depths:5: grunt_zot_entry_hairpin, layout_basic, serial_shops, shop_coins,
          hellmouth_2
Zot:1:    layout_concentric_octagons, st_single_dragon_hoard_1
Zot:2:    layout_gridlike, st_stairs_1, grunt_megastairs_2
Zot:3:    kennysheep_ambush_hall, layout_gridlike, gammafunk_ghost_door_vault,
          st_stairs_14

Skill      XL: |  1  2  3  4  5  6  7  8  9 10 11 12 13 14 15 16 17 18 19 20 21 22 23 24 25 26 27 |
---------------+----------------------------------------------------------------------------------+-----
Fighting       | 1 2 3 4 5 6 8 10 11 12 13 14 15 16 17 18 20 21 22 23 | 23.3
Spellcasting   | 4 5 6 8 10 11 12 13 14 16 18 20 22 24 25 | 25.7
Earth Magic    | 4 5 6 7 8 9 11 12 13 15 16 17 18 19 21 23 24 25 | 25.5
Dodging        | 5 6 8 14 17 | 17.9
Shields        | 3 5 17 | 17.2
Conjurations   | 8 13 15 17 19 | 19.0
Stealth        | 7 13 16 18 | 18.6
Transmutations | |  1.1

Action                   |  1- 3 |  4- 6 |  7- 9 | 10-12 | 13-15 | 16-18 | 19-21 | 22-24 | 25-27 || total
-------------------------+-------+-------+-------+-------+-------+-------+-------+-------+-------++-------
Melee: Spear             |    80 |    24 |       |       |       |       |       |       |    14 ||   118
       Dagger            |       |   101 |   120 |    71 |       |       |       |       |       ||   292
       Scimitar          |       |       |       |   131 |   380 |    52 |       |       |       ||   563
       Staff             |       |       |       |       |       |    18 |    19 |    21 |       ||    58
 Cast: Sandblast         |    25 |    66 |   113 |   130 |   143 |    65 |    74 |    36 |    81 ||   733
       Stone Arrow       |       |       |    16 |   139 |   218 |       |     1 |       |     1 ||   375
       Lee's Rapid Decon |       |       |     5 |    44 |   201 |   305 |   232 |    73 |   270 ||  1130
       Petrify           |       |       |     3 |     6 |    25 |     3 |    10 |     1 |       ||    48
       Bolt of Magma     |       |       |       |       |    38 |   207 |   431 |   287 |   205 ||  1168
       Blink             |       |       |       |       |       |    11 |    16 |     8 |    13 ||    48
       Iron Shot         |       |       |       |       |       |     5 |     4 |    95 |   101 ||   205
       Shatter           |       |       |       |       |       |       |     3 |    37 |    39 ||    79
       Orb of Destructio |       |       |       |       |       |       |       |    28 |   256 ||   284
Invok: Heroism           |       |       |       |     1 |     1 |       |       |       |       ||     2
Evoke: Wand              |       |       |    11 |    28 |    37 |    10 |    12 |       |     4 ||   102
       Box of beasts     |       |       |       |       |     1 |     2 |     1 |       |       ||     4
       Condenser vane    |       |       |       |       |     2 |     4 |     4 |       |     2 ||    12
       Lightning rod     |       |       |       |       |     4 |    14 |    13 |       |    11 ||    42
       Tin of tremorston |       |       |       |       |     2 |     2 |     2 |       |       ||     6
  Use: Scroll            |       |     7 |     2 |    12 |    14 |    11 |    10 |     5 |    12 ||    73
       Potion            |       |       |       |     2 |     3 |     4 |     9 |     3 |       ||    21
 Stab: Sleeping          |     7 |    14 |     6 |     1 |     6 |       |       |       |       ||    34
       Distracted        |       |       |     2 |     3 |       |     1 |       |       |     3 ||     9
       Petrified         |       |       |       |     5 |     2 |       |       |     4 |       ||    11
Armor: Robe              |    19 |    42 |    33 |    28 |       |       |       |     6 |    43 ||   171
       Troll leather arm |       |       |       |    91 |   192 |    82 |    91 |    45 |       ||   501
Dodge: Dodged            |    40 |    87 |   165 |   399 |   757 |   271 |   311 |   148 |   353 ||  2531
       Repelled          |       |       |       |       |    11 |     7 |       |       |       ||    18
Block: Buckler           |       |       |       |       |   244 |    93 |   108 |    47 |    90 ||   582
       Kite shield       |       |       |       |       |       |       |       |       |     4 ||     4
       Rpst.: Scimitar   |       |       |       |    94 |   235 |    43 |       |       |       ||   372

Table legend: (Time is in decaauts)
 A = Elapsed time spent in this place.
 B = Non-inter-level travel time spent in this place.
 C = Inter-level travel time spent in this place.
 D = Time resting spent in this place.
 E = Time spent auto-exploring this place.
 F = Levels seen in this place.
 G = Mean time per level.
                   A        B        C        D        E       F      G
               +--------+--------+--------+--------+--------+-----+--------+
         Total |  83712 |  77763 |   5949 |  19109 |  44107 |  61 | 1372.3 |
       Dungeon |  21794 |  18891 |   2903 |   3382 |  12335 |  15 | 1452.9 |
        Temple |    377 |    229 |    148 |      0 |    225 |   1 |  377.0 |
          Lair |   7928 |   7367 |    561 |    856 |   5138 |   6 | 1321.3 |
        Shoals |   5387 |   5152 |    235 |   1168 |   3222 |   4 | 1346.8 |
     Snake Pit |   6164 |   5982 |    182 |   1525 |   3389 |   4 | 1541.0 |
    Slime Pits |   3535 |   3326 |    209 |   1259 |   1452 |   5 |  707.0 |
  Orcish Mines |   2754 |   2452 |    302 |    746 |    954 |   2 | 1377.0 |
   Elven Halls |   4981 |   4646 |    335 |   1421 |   2207 |   3 | 1660.3 |
        Vaults |   7883 |   7414 |    469 |   1857 |   4218 |   5 | 1576.6 |
        Depths |  14038 |  13557 |    481 |   4039 |   7379 |   5 | 2807.6 |
           Zot |   5498 |   5380 |    118 |   1943 |   2604 |   3 | 1832.7 |
         Abyss |   1906 |   1906 |      0 |    723 |    174 |   3 |  635.3 |
        Bazaar |    102 |    102 |      0 |      0 |     79 |   1 |  102.0 |
         Trove |     47 |     47 |      0 |      0 |      0 |   1 |   47.0 |
         Sewer |    386 |    386 |      0 |      0 |    267 |   1 |  386.0 |
      Ice Cave |    530 |    530 |      0 |     87 |    322 |   1 |  530.0 |
       Volcano |    395 |    395 |      0 |    102 |    139 |   1 |  395.0 |
               +--------+--------+--------+--------+--------+-----+--------+

Top non-repeatable levels by time:
Depths:4: 4153 daAuts
Depths:2: 3370 daAuts
    D:11: 2855 daAuts
    D:12: 2657 daAuts
Depths:3: 2509 daAuts
  Lair:6: 2441 daAuts
   Orc:2: 2423 daAuts
Depths:5: 2299 daAuts
 Snake:4: 2186 daAuts
Vaults:4: 2104 daAuts
   Elf:3: 2101 daAuts
   Zot:3: 2071 daAuts
Vaults:2: 1986 daAuts
   Zot:2: 1937 daAuts
Vaults:5: 1897 daAuts
